 Dungeon Crawl Stone Soup version 0.30-a0-23-ge60ba3568b (webtiles) character file.

Game seed: 3409202262259281095

261 SensoryNuts the Chopper (level 6, -3/53 HPs)
             Began as a Hill Orc Fighter on Aug 24, 2022.
             Splashed by a jelly's acid (5 damage)
             ... on level 4 of the Dungeon.
             The game lasted 00:03:36 (4115 turns).

SensoryNuts the Chopper (Hill Orc Fighter)          Turns: 4115, Time: 00:03:37

Health: -3/53      AC: 13    Str: 19    XL:     6   Next: 18%
Magic:  6/6        EV:  9    Int:  8    God:
Gold:   85         SH:  4    Dex: 12    Spells: 5/5 levels left

rFire   . . .      SeeInvis .    a - +0 war axe
rCold   . . .      Faith    .    c - +0 buckler
rNeg    + . .      Spirit   .    p - +0 pearl dragon scales
rPois   .          Reflect  .    (no helmet)
rElec   .          Harm     .    e - +0 cloak
rCorr   .          Rampage  .    (no gloves)
Will    .....                    (no boots)
Stlth   ..........               (no amulet)
HPRegen 0.17/turn                (no ring)
MPRegen 0.10/turn                (no ring)

@: no status effects
A: no striking features
a: no special abilities


You were on level 4 of the Dungeon.
You visited 1 branch of the dungeon, and saw 4 of its levels.

You collected 85 gold pieces.

Inventory:

Hand Weapons
 a - a +0 war axe (weapon)
Armour
 b - a +0 scale mail
 c - a +0 buckler (worn)
 e - a +0 cloak (worn)
 p - +0 pearl dragon scales (worn)
Scrolls
 d - 2 scrolls of teleportation {unknown}
 h - a scroll of fear {unknown}
 i - a scroll of vulnerability
 j - 2 scrolls of immolation
 k - a scroll of blinking
 l - a scroll of amnesia {unknown}
 n - 3 scrolls of identify
Potions
 f - 2 potions of cancellation {unknown}
 g - 2 potions of degeneration
 m - a potion of invisibility
 q - a potion of mutation {unknown}
 r - a potion of haste


   Skills:
 + Level 4.4 Fighting
 * Level 6.1 Axes
 + Level 4.5 Armour
 + Level 0.6 Dodging
 + Level 0.3 Stealth
 + Level 3.7 Shields


You had 5 spell levels left.
You didn't know any spells.
Your spell library was empty.

Dungeon Overview and Level Annotations

Branches:
Dungeon (4/15)
 Temple: D:4-7

Altars:


Message History

It was a potion of heal wounds.
You feel much better.
Okay, then.
You barely miss the ogre. The ogre closely misses you.
You closely miss the ogre. You block the ogre's attack.
You hit the ogre.
The ogre is lightly wounded.
You hit the ogre.
The ogre is lightly wounded.
The ogre hits you with a +0 giant club!
You barely miss the ogre.
The ogre is lightly wounded.
The ogre hits you with a +0 giant club!
You slash the ogre!
The ogre is severely wounded.
You block the ogre's attack.
You hit the ogre.
The ogre is severely wounded.
You block the ogre's attack.
You hit the ogre.
The ogre is severely wounded.
The ogre hits you with a +0 giant club!!
Ouch! That really hurt!
* * * LOW HITPOINT WARNING * * *
You hit the ogre.
The ogre is almost dead.
You hit the ogre.
You kill the ogre!
You feel your intelligence returning.
Your Axes skill increases to level 6!
You have reached level 6!
You hit the jelly.
Your hands burn!
* * * LOW HITPOINT WARNING * * *
The jelly is moderately wounded.
The jelly hits you but does no damage.
You hit the jelly.
Your hands burn!
* * * LOW HITPOINT WARNING * * *
The jelly is heavily wounded.
The jelly hits you but does no damage. x2
You hit the jelly.
Your hands burn!
You die...

#.#. ##.#. ....
... ..## ..# #J#
#@# #.#
####.####
#.......# #
#.#####.######.#
.. #........##
#. #...<.....# #
#.#######.# #.#


You could see a jelly.

Vanquished Creatures
  An ogre (D:4)
  Crazy Yiuf (D:2)
  6 adders
  3 gnolls (D:3)
  A worm (D:3)
  4 orcs (D:3)
  7 ball pythons
  3 bats
  3 endoplasms
  3 giant cockroaches
  5 goblins
  6 hobgoblins
  10 kobolds
  2 quokkas
  5 frilled lizards
  A rat (D:3)
61 creatures vanquished.

Notes
Turn   | Place    | Note
-------+----------+-------------------------------------------
     0 | D:1      | SensoryNuts the Hill Orc Fighter began the quest for the
                  | Orb.
     0 | D:1      | Reached XP level 1. HP: 19/19 MP: 1/1
   212 | D:1      | Reached XP level 2. HP: 27/27 MP: 2/2
   335 | D:1      | Reached skill level 3 in Axes
   539 | D:1      | Found a faded altar of an unknown god.
   737 | D:1      | You fall into a shaft and drop 1 floor!
   821 | D:2      | Reached XP level 3. HP: 2/33 MP: 3/3
   821 | D:2      | HP: 1/33 [poisoned by an adder]
  1862 | D:2      | Reached XP level 4. HP: 30/40 MP: 4/4
  2138 | D:2      | Reached skill level 4 in Axes
  2291 | D:2      | Found a runed translucent door.
  2292 | D:2      | Noticed Crazy Yiuf
  2461 | D:2      | Killed Crazy Yiuf
  2716 | D:3      | Reached XP level 5. HP: 46/46 MP: 5/5
  3274 | D:3      | Reached skill level 5 in Axes
  4099 | D:4      | Noticed an ogre
  4112 | D:4      | Killed an ogre
  4113 | D:4      | Reached skill level 6 in Axes
  4113 | D:4      | Reached XP level 6. HP: 6/53 MP: 6/6
  4114 | D:4      | HP: 2/53 [acid (1)]
  4115 | D:4      | Splashed by a jelly's acid

Illustrated notes

Levels and vault maps discovered:
D:1:      minmay_arrival_split_and_join, layout_basic,
          shapermc_ecumenical_altar_venn
D:2:      layout_loops_ring, uniq_crazy_yiuf_cottage
D:3:      layout_loops_corners, st_stairs_10, chequers_serial_rivers_micro_e,
          kennysheep_cross_bottleneck, chequers_serial_rivers_micro_d
D:4:      layout_loops_ring, beargit_hepliaklqana_dungeon_heroes,
          kennysheep_little_box

Skill      XL: |  1  2  3  4  5 |
---------------+----------------+-----
Axes           | 3 4 6 |  6.1
Fighting       | 4 |  4.4
Armour         | 4 |  4.5
Dodging        | |  0.6
Stealth        | |  0.3
Shields        | |  3.7

Action                   |  1- 3 |  4- 6 || total
-------------------------+-------+-------++-------
Melee: War axe           |   100 |    98 ||   198
  Use: Potion            |     3 |     2 ||     5
       Scroll            |     3 |       ||     3
Armor: Scale mail        |    59 |    17 ||    76
       Pearl dragon scal |       |    35 ||    35
Dodge: Dodged            |    49 |    43 ||    92
Block: Buckler           |    19 |    24 ||    43

Table legend: (Time is in decaauts)
 A = Elapsed time spent in this place.
 B = Non-inter-level travel time spent in this place.
 C = Inter-level travel time spent in this place.
 D = Time resting spent in this place.
 E = Time spent auto-exploring this place.
 F = Levels seen in this place.
 G = Mean time per level.
                   A        B        C        D        E       F      G
               +--------+--------+--------+--------+--------+-----+--------+
         Total |   4159 |   3892 |    267 |      0 |   3395 |   4 | 1039.8 |
       Dungeon |   4159 |   3892 |    267 |      0 |   3395 |   4 | 1039.8 |
               +--------+--------+--------+--------+--------+-----+--------+

Top non-repeatable levels by time:
     D:2: 1710 daAuts
     D:3: 1435 daAuts
     D:1: 984 daAuts
     D:4: 28 daAuts
